 Dungeon Crawl Stone Soup version 0.31.0-11-ge490571c62 (webtiles) character file.

Game seed: 9788131329031996264

65 DeltaZero the Conjurer (level 3, -4/19 HPs)
             Began as a Deep Elf Conjurer on Feb 9, 2024.
             Killed from afar by an orc wizard (8 damage)
             ... with a magic dart
             ... on level 2 of the Dungeon.
             The game lasted 00:02:28 (2129 turns).

DeltaZero the Conjurer (Deep Elf Conjurer)          Turns: 2129, Time: 00:02:29

Health: -4/19      AC:  3    Str:  4    XL:     3   Next: 94%
Magic:  2/10       EV: 12    Int: 24    God:
Gold:   84         SH:  0    Dex: 13    Spells: 8/9 levels left

rFire   . . .        (no weapon)
rCold   . . .        (no shield)
rNeg    . . .        e - +0 robe
rPois   .            (no helmet)
rElec   .            (no cloak)
rCorr   .            g - +0 pair of gloves
SInv    .            (no boots)
Will    .....        (no amulet)
Stlth   +            (no ring)
HPRegen 0.23/turn    (no ring)
MPRegen 0.12/turn

%: no passive effects
@: confused
A: no striking features
a: no special abilities


You were on level 2 of the Dungeon.
You visited 1 branch of the dungeon, and saw 3 of its levels.

You collected 84 gold pieces.

Inventory:

Armour
 e - a +0 robe (worn)
 g - a +0 pair of gloves (worn)
 l - a +2 leather armour of fire resistance
Scrolls
 a - a scroll of fog {unknown}
 c - a scroll of vulnerability {unknown}
 d - 2 scrolls of identify {unknown}
Potions
 b - a potion of magic
 f - a potion of lignification {unknown}
 h - a potion of brilliance {unknown}
 i - a potion of curing {unknown}
 j - 2 potions of heal wounds {unknown}
 k - a potion of enlightenment {unknown}


   Skills:
 + Level 2.9 Dodging
 + Level 2.6 Stealth
 + Level 3.8 Spellcasting
 + Level 5.5 Conjurations


You had 8 spell levels left.
You knew the following spells:

 Your Spells              Type           Power      Damage    Failure   Level
a - Magic Dart            Conj           100%       1d8       1%          1

Your spell library contained the following spells:

 Spells                   Type           Power      Damage    Failure   Level
 Searing Ray              Conj           62%        2d6       1%          2
 Ensorcelled Hibernation  Hex/Ice        8%         N/A       16%         2
 Passwall                 Erth           4%         N/A       30%         3
 Swiftness                Air            4%         N/A       30%         3
 Fulminant Prism          Conj/Alch      8%         3d7       32%         4
 Iskenderun's Mystic Bla  Conj/Tloc      17%        2d5       32%         4


Dungeon Overview and Level Annotations

Branches:
Dungeon (3/15)

Altars:
The Shining One


Message History

You hear some strange, mumbled words.
A magic dart appears from out of thin air!
The magic dart hits you.
You barely miss something. Your punch misses something.
Something hits you but does no damage.
You hit something but do no damage.
You hear some strange, mumbled words.
Something tries to affect you, but you resist.
You barely miss something.
You hear some strange, mumbled words.
Something tries to affect you, but you resist.
You hit something but do no damage. Your punch misses something.
Something hits you.
You closely miss something.
You hear some strange, mumbled words.
You are confused.
You closely miss something. Something hits you. Something hits you.
You bump into the rock wall.
You bump into the rock wall.
Something hits you.
You hear some strange, mumbled words.
Something tries to affect you, but you resist.
You bump into the rock wall.
You feel less confused. Something barely misses you.
You miss something.
You hear some strange, mumbled words.
You are confused.
You bump into the rock wall.
Something hits you.
* * * LOW HITPOINT WARNING * * *
You hit something. Something hits you.
* * * LOW HITPOINT WARNING * * *
You completely miss something.
You hear some strange, mumbled words.
You are more confused.
You hit something but do no damage.
You hear some strange, mumbled words.
A magic dart appears from out of thin air!
The magic dart hits you!
You die...

#...### ##.##
#....### #.#
##..#...# #.#
......#.# #.#
#####...# #.# #
#...#
#############.# ##
#...#
#...........#.#
.## #...#
###....#......#.#
..###...##
#@{...........#.##
.........#
#.#....#..).......
...####..#
#.#.#.............
...# #..#
#.#.......#.......
#..## #..##
#.###...#.#####.##
#...###...# #.#
##.##.# #.#
#.........#
#.####.##.# #.#
##........#
#.........# ##'##
####....##
######.#### ##...#


There were no monsters in sight!

Vanquished Creatures
  2 adders (D:2)
  A ribbon worm (D:2)
  2 orcs (D:3)
  7 ball pythons
  2 bats (D:2)
  3 endoplasms (D:2)
  A giant cockroach (D:2)
  5 goblins
  6 hobgoblins
  6 kobolds
  A frilled lizard (D:1)
  4 rats
40 creatures vanquished.

Notes
Turn   | Place    | Note
-------+----------+-------------------------------------------
     0 | D:1      | DeltaZero the Deep Elf Conjurer began the quest for the
                  | Orb.
     0 | D:1      | Reached XP level 1. HP: 10/10 MP: 6/6
   382 | D:1      | Reached XP level 2. HP: 15/15 MP: 6/8
   901 | D:2      | Reached skill level 5 in Conjurations
  1133 | D:2      | Reached XP level 3. HP: 19/19 MP: 7/9
  1618 | D:2      | Found a glowing golden altar of the Shining One.
  1910 | D:2      | Found a faded altar of an unknown god.
  2129 | D:2      | Killed from afar by an orc wizard

Illustrated notes

Levels and vault maps discovered:
D:1:      dpeg_arrival_houses_and_road, layout_loops_ring, minivault_26
D:2:      layout_loops_corners, shapermc_ecumenical_altar_hornbeckon,
          basic_altar, nrook_campfire, grunt_ministairs_8,
          hangedman_decor_growths
D:3:      layout_loops_ring, fedhas_altar_3

Skill      XL: |  1  2 |
---------------+-------+-----
Conjurations   | 5 |  5.5
Dodging        | |  2.9
Stealth        | |  2.6
Spellcasting   | |  3.8

Action                     || total
---------------------------++-------
  Melee: Unarmed           ||    11
   Cast: Magic Dart        ||    76
 Armour: Robe              ||    16
  Dodge: Dodged            ||     3
